Match 27841297
Unlisted

Match 27841297
End
Vickers Machine Gun Team
Royal Engineer Section
Selects Heavy Armor Battlegroup
Construct Section Command Post
Dingo Light Scout Car
Selects Engineer Detachments
Infantry Section
ML 3-inch Mortar Team
Construct Platoon Command Post
Infantry Section
flanker
AcrossThePacific
JR1
Insurmountable Odds
Papa Rojo
NegativeLight
fhqls12345
Neverland
0
0

Comments sign in to comment!

No comments posted yet!